 Dungeon Crawl Stone Soup version 0.14.0-6-g1bc2dff (webtiles) character file.

282 Ragg the Ruffian (level 5, 0/49 HPs)
             Began as a Troll Earth Elementalist on Apr 12, 2014.
             Killed from afar by an orc (25 damage)
             ... with a wand of cold
             ... on Level 4 of the Dungeon.
             The game lasted 00:07:38 (2630 turns).

Ragg the Ruffian (Troll Earth Elementalist)         Turns: 2630, Time: 00:07:39

HP   0/49        AC  5     Str 16      XL: 5   Next: 14%
MP   0/4         EV 10     Int 11      God:
Gold 127         SH  0     Dex 11      Spells:  2 memorised,  3 levels left

rFire  . . .     SeeInvis .       - Unarmed
rCold  . . .     Clarity  .     c - +0 robe
rNeg   . . .     Conserve .     (shield restricted)
rPois  .         rCorr    .     (helmet restricted)
rElec  .         rRot     .     (no cloak)
SustAb . .       Spirit   .     (gloves unavailable)
rMut   .         Warding  .     (boots unavailable)
Gourm  +         Stasis   .     (no amulet)
MR     .....                    (no ring)
                                (no ring)

@: not resistant to hostile enchantments, unstealthy
A: unfitting armour, claws 3, fast metabolism 3, gourmand, regeneration 2,
saprovore 2, shaggy fur 1, tough skin 2
a: no special abilities


You were on level 4 of the Dungeon.
You were completely stuffed.

You visited 1 branch of the dungeon, and saw 4 of its levels.

You collected 127 gold pieces.

Inventory:

Missiles
 b - 47 stones (quivered)
Armour
 c - a +0 robe (worn)
Comestibles
 a - 2 meat rations
 f - 2 bread rations
 h - 2 chunks of worker ant flesh
 m - a pear
 r - an apple
 w - a rotting chunk of worker ant flesh
Scrolls
 e - 3 scrolls of remove curse
 g - 2 scrolls of identify
 i - 2 scrolls of recharging
 k - a scroll of noise {unknown}
 l - 2 scrolls of teleportation
 o - a scroll of enchant weapon II {unknown}
 p - a scroll of fog {unknown}
Potions
 j - a potion of magic {unknown}
 n - a potion of agility {unknown}
 q - a potion of restore abilities {unknown}
 t - a potion of brilliance {unknown}
Books
 d - a book of Geomancy

   Spells                             Type                      Level
   *Sandblast                         Earth                        1
   *Stoneskin                         Transmutation/Earth          2
   Passwall                           Transmutation/Earth          3
   Stone Arrow                        Conjuration/Earth            3
   Petrify                            Transmutation/Earth          4
   Lee's Rapid Deconstruction         Earth                        5


   Skills:
 * Level 2.3 Fighting
 - Level 1.1 Armour
 + Level 1.9 Dodging
 - Level 1.1 Stealth
 * Level 2.9 Unarmed Combat
 - Level 1.2 Spellcasting
 - Level 0.6 Transmutations
 + Level 2.6 Earth Magic


You had 3 spell levels left.
You knew the following spells:

 Your Spells              Type           Power        Failure   Level  Hunger
a - Sandblast             Erth           #.....       12%         1    ##.....
b - Stoneskin             Trmt/Erth      #.........   30%         2    ###....


Dungeon Overview and Level Annotations

Branches:
Dungeon (4/15)
 Temple: D:4-7

Altars:


Innate Abilities, Weirdness & Mutations

You are too large for most types of armour.
You have claws for hands.
Your metabolism is lightning-fast.
You like to eat raw meat.
You heal very quickly.
You can eat rotten meat.
You are covered in fur (AC +1).
You have very tough skin (AC +2).


Message History

The blast of sand hits the orc.
Casting: Sandblast
Confirm with . or Enter, or press ? or * to list all spells.
Aiming: Sandblast
Press: ? - help, Shift-Dir - straight line, f/p - orc
Aim: an orc wearing a chain mail and carrying a wand of cold {zapped: 2} The blast of sand hits the orc.
The orc picks up a dagger.
The orc wields a dagger.
Casting: Sandblast
Confirm with . or Enter, or press ? or * to list all spells.
You don't have enough magic to cast that spell.
You claw the orc!
The orc begins to bleed from its wounds!
The orc is severely wounded.
The orc zaps a wand.
The bolt of cold hits you!
You barely miss the orc.
The orc is severely wounded.
The orc zaps a wand.
The bolt of cold hits you!
Ouch! That really hurt!
You die...

#..##.#
##.##.#
#.##.#
#.##.######
#..........
#.##.######
#.# # #.#
#@# #o# #.#
..# #.# #.#
#.# #.# ...


You could see an orc (bleeding).

Vanquished Creatures
  2 worker ants (D:4)
  3 adders
  2 worms
  4 giant geckos
  An ooze (D:1)
  7 orcs
  9 bats
  4 giant cockroaches
  5 hobgoblins
  A quokka (D:2)
  A ball python (D:2)
  5 giant newts
  9 goblins
  7 kobolds
  An orc skeleton (D:4)
  6 rats
67 creatures vanquished.

Vanquished Creatures (others)
  An orc (D:4)
1 creature vanquished.

Grand Total: 68 creatures vanquished

Notes
Turn   | Place    | Note
--------------------------------------------------------------
     0 | D:1      | Ragg, the Troll Earth Elementalist, began the quest for the Orb.
     0 | D:1      | Reached XP level 1. HP: 16/16 MP: 2/2
   121 | D:1      | Reached XP level 2. HP: 23/26 MP: 2/2
   214 | D:1      | Reached skill level 1 in Armour
   268 | D:1      | Reached skill level 1 in Fighting
   725 | D:1      | Reached skill level 1 in Unarmed Combat
   753 | D:2      | Reached XP level 3. HP: 25/33 MP: 3/3
  1686 | D:3      | Reached XP level 4. HP: 41/41 MP: 4/4
  2401 | D:4      | HP: 2/42 [poisoned by a killer bee]
  2406 | D:4      | HP: 2/42 [poisoned by a killer bee]
  2514 | D:4      | Reached XP level 5. HP: 17/49 MP: 4/4
  2610 | D:4      | Learned a level 2 spell: Stoneskin
  2630 | D:4      | Killed from afar by an orc

Action                   |  1- 3 |  4- 6 || total
-------------------------+-------+-------++-------
Melee: Unarmed           |   149 |   111 ||   260
 Cast: Sandblast         |       |     4 ||     4
  Use: Potion            |       |     4 ||     4
       Scroll            |       |     3 ||     3
 Stab: Sleeping          |     1 |     3 ||     4
